 Dungeon Crawl Stone Soup version 0.31.0-11-ge490571c62 (webtiles) character file.

Game seed: 10082917194887155434

1821679 juan097 the Slayer (level 26, 182/182 HPs)
             Began as a Tengu Brigand on Feb 4, 2024.
             Was an Elder of Ashenzari.
             Escaped with the Orb
             ... and 3 runes
             ... and 1 gem on Feb 5, 2024!
             The game lasted 04:21:22 (61323 turns).

juan097 the Slayer (Tengu Brigand)                 Turns: 61323, Time: 04:21:22

Health: 182/182    AC: 31    Str: 22    XL:     26   Next: 10%
Magic:  39/39      EV: 45    Int:  6    God:    Ashenzari [****..]
Gold:   3402       SH:  0    Dex: 37    Spells: 28/48 levels left

rFire   + . .        w - +10 zealot's sword {holy, Zealotry, *Rage rN+ EV+3}
rCold   + . .        (no shield)
rNeg    + + +        G - +10 scale mail "Gnostic Portent" {rN+ Int-4 Dex+6, Range, Dev} (curse)
rPois   +            D - +2 hat of the Fated Morality {Sorc, Range} (curse)
rElec   +            q - +2 cloak "Chained Portent" {Cun, Fort} (curse)
rCorr   +            y - +2 pair of gloves of Ashenzari's Stickiness {rC+ Str+3 Stlth-, Self, Sorc} (curse)
SInv    +            (boots unavailable)
Will    +++..        I - amulet of Star-Bound Wisdom {Spirit Fly Will++ Dex+2, Range, Melee} (curse)
Stlth   +            x - ring "Omen of Ashenzari" {rPois Str+5 Dex+3, Comp, Cun} (curse)
HPRegen 1.30/turn    d - ring of Equivalence {rElec rN+ rCorr Str+3}
MPRegen 0.26/turn

%: acrobat, clarity, guardian spirit
@: flying, studying 3 skills
A: beak, talons 3, evasive flight, acrobatic, dopey 1, fire resistance 1, poison
resistance, regeneration 1, weak 1
0: Orb of Zot
}: 3/15 runes: decaying, serpentine, slimy
a: Renounce Religion, Shatter the Chains


You escaped.
You worshipped Ashenzari.
Ashenzari was greatly pleased with you.
You visited 10 branches of the dungeon, and saw 49 of its levels.
You also visited: Trove and Ice Cave.

You collected 8121 gold pieces.
You spent 4719 gold pieces at shops.

Inventory:

Hand Weapons
 a - the +7 captain's cutlass {speed, disarm}
   (You took it off a kobold brigand on level 7 of the Dungeon)
 b - a +9 longbow of flaming
 w - the +10 zealot's sword (weapon) {holy, Zealotry, *Rage rN+ EV+3}
   (You found it on level 5 of the Pits of Slime)

   Zealotry:  Whenever the wielder enters a berserk rage, their allies are
   berserked alongside them.
   EV+3:      It affects your evasion (+3).
   rN+:       It protects you from negative energy.
   *Rage:     It berserks you when you make melee attacks (+20% chance).
Armour
 q - the cursed +2 cloak "Chained Portent" (worn) {Cun, Fort}
   (You found it on level 10 of the Dungeon)

   It has a curse which improves the following skills: Cunning: Dodging and
   Stealth.
   Fortitude: Armour and Shields.
 y - the cursed +2 pair of gloves of Ashenzari's Stickiness (worn) {rC+ Str+3 Stlth-, Self, Sorc}
   (You found it on level 4 of the Realm of Zot)

   Str+3:     It affects your strength (+3).
   rC+:       It protects you from cold.
   Stlth-:    It makes you less stealthy.
   It has a curse which improves the following skills: Introspection: Fighting
   and Spellcasting.
   Sorcery:   Conjurations and Alchemy.
 D - the cursed +2 hat of the Fated Morality (worn) {Sorc, Range}
   (You took it off Gastronok on level 8 of the Dungeon)

   It has a curse which improves the following skills: Sorcery: Conjurations and
   Alchemy.
   Ranged Combat: Ranged Weapons and Throwing.
 G - the cursed +10 scale mail "Gnostic Portent" (worn) {rN+ Int-4 Dex+6, Range, Dev}
   (You bought it in a shop on level 2 of the Orcish Mines)

   Int-4:     It affects your intelligence (-4).
   Dex+6:     It affects your dexterity (+6).
   rN+:       It protects you from negative energy.
   It has a curse which improves the following skills: Ranged Combat: Ranged
   Weapons and Throwing.
   Devices:   Evocations and Shapeshifting.
Jewellery
 d - the ring of Equivalence (right hand) {rElec rN+ rCorr Str+3}
   (You found it in a treasure trove)

   [ring of resist corrosion]

   Str+3:     It affects your strength (+3).
   rElec:     It insulates you from electricity.
   rN+:       It protects you from negative energy.
   rCorr:     It protects you from acid and corrosion.
 v - the ring of Ecvu {Fly rF+ AC+4 Int+3}
   (You found it on level 5 of the Pits of Slime)

   [ring of protection]

   AC+4:      It affects your AC (+4).
   Int+3:     It affects your intelligence (+3).
   rF+:       It protects you from fire.
   Fly:       It grants you flight.
 x - the cursed ring "Omen of Ashenzari" (left hand) {rPois Str+5 Dex+3, Comp, Cun}
   (You took it off a gnoll on level 4 of the Dungeon)

   [ring of poison resistance]

   Str+5:     It affects your strength (+5).
   Dex+3:     It affects your dexterity (+3).
   rPois:     It protects you from poison It has a curse which improves the
   following skills: Companions: Summonings and Necromancy.
   Cunning:   Dodging and Stealth.
 E - the ring of Jarch {rC+ MP+9}
   (You found it on level 1 of the Vaults)

   [ring of protection from cold]

   rC+:       It protects you from cold.
   MP+9:      It affects your magic capacity (+9).
 I - the cursed amulet of Star-Bound Wisdom (around neck) {Spirit Fly Will++ Dex+2, Range, Melee}
   (You took it off an orc on level 7 of the Dungeon)

   [amulet of guardian spirit]

   Spirit:    It causes incoming damage to be divided between your reserves of
   health and magic.
   Dex+2:     It affects your dexterity (+2).
   Will++:    It greatly increases your willpower.
   Fly:       It grants you flight.
   It has a curse which improves the following skills: Ranged Combat: Ranged
   Weapons and Throwing.
   Melee Combat: Short Blades, Long Blades, Axes, Maces & Flails, Polearms,
   Staves and Unarmed Combat.
 Z - the ring "Jaimiquh" {rF+ rN+ Will+}
   (You bought it in a shop on level 2 of the Snake Pit)

   [ring of protection from fire]

   rF+:       It protects you from fire.
   rN+:       It protects you from negative energy.
   Will+:     It increases your willpower.
Wands
 g - a wand of acid (11)
 k - a wand of mindburst (44)
 H - a wand of digging (24)
 J - a wand of charming (2)
 M - a wand of iceblast (52)
Scrolls
 c - 2 scrolls of blinking
 e - a scroll of brand weapon
 l - a scroll of poison
 n - 7 scrolls of fear
 o - 3 scrolls of butterflies
 r - 17 scrolls of teleportation
 s - 4 scrolls of fog
 t - a scroll of torment
 A - 2 scrolls of enchant weapon
 K - 2 scrolls of silence
 O - 4 scrolls of immolation
 Q - 2 scrolls of revelation
 T - 4 scrolls of vulnerability
 U - 5 scrolls of enchant armour
Potions
 f - a potion of invisibility
 h - 17 potions of curing
 j - 9 potions of heal wounds
 m - 6 potions of lignification
 p - 2 potions of might
 u - 3 potions of berserk rage
 z - 11 potions of attraction
 C - 7 potions of cancellation
 F - 5 potions of magic
 N - 5 potions of ambrosia
 P - 4 potions of haste
 S - 8 potions of brilliance
 V - 6 potions of resistance
 W - 3 potions of enlightenment
Miscellaneous
 i - a phial of floods (inert)
 B - a box of beasts
 L - a lightning rod (4/4)
 X - a tin of tremorstones (inert)
 Y - a phantom mirror


   Skills:
 - Level 21.6(23.1) Fighting
 - Level 11.7(14.8) Short Blades
 - Level 10.2(14.0) Long Blades
 - Level 17.2(20.6) Ranged Weapons
 - Level 6.4(10.0) Throwing
 - Level 17.6(19.3) Armour
 - Level 20.0(22.4) Dodging
 - Level 7.2(10.0) Stealth
 - Level 6.0(7.8) Shields
 - Level 10.0(11.8) Spellcasting
 + Level 10.7 Hexes
 - Level 14.0 Translocations
 - Level 10.0 Air Magic
 - Level 13.3(15.1) Evocations


You had 28 spell levels left.
You knew the following spells:

 Your Spells              Type           Power      Damage    Failure   Level
a - Sigil of Binding      Hex            16%        N/A       1%          3
b - Confusing Touch       Hex            16%        N/A       1%          3
c - Dimensional Bullseye  Hex/Tloc       9%         N/A       1%          4
d - Swiftness             Air            15%        N/A       1%          3
e - Apportation           Tloc           40%        N/A       1%          1
f - Vhi's Electric Charg  Tloc/Air       34%        N/A       1%          4
g - Blink                 Tloc           40%        N/A       1%          2

Your spell library contained the following spells:

 Spells                   Type           Power      Damage    Failure   Level
 Slow                     Hex            64%        N/A       1%          1
 Jinxbite                 Hex            32%        N/A       1%          2
 Lesser Beckoning         Tloc           40%        N/A       1%          2
 Gell's Gravitas          Tloc           20%        N/A       1%          3
 Teleport Other           Tloc           20%        N/A       1%          3
 Momentum Strike          Conj/Tloc      24%        3d8       2%          2
 Shock                    Conj/Air       36%        1d5       3%          1
 Ensorcelled Hibernation  Hex/Ice        18%        N/A       4%          2
 Mercury Vapours          Alch/Air       18%        N/A       4%          2
 Static Discharge         Conj/Air       18%        3-4/arc   4%          2
 Volatile Blastmotes      Fire/Tloc      22%        2d11      4%          3
 Airstrike                Air            7%         2d(2-18)  4%          4
 Dazzling Flash           Conj/Hex       20%        N/A       9%          3
 Inner Flame              Hex/Fire       9%         N/A       9%          3
 Cigotuvi's Dreadful Rot  Necr/Alch/Air  14%        N/A       10%         2
 Silence                  Hex/Air        7%         N/A       11%         5
 Mephitic Cloud           Conj/Alch/Air  7%         N/A       19%         3
 Sting                    Conj/Alch      12%        1d3       24%         1
 Summon Small Mammal      Summ           12%        N/A       24%         1
 Foxfire                  Conj/Fire      12%        2x1d4     26%         1
 Freeze                   Ice            12%        1d3       26%         1
 Necrotise                Necr           12%        1d4       26%         1
 Anguish                  Hex/Necr       5%         N/A       28%         4
 Scorch                   Fire           6%         2d5       38%         2
 Summon Forest            Summ/Tloc      6%         N/A       38%         5
 Call Canine Familiar     Summ           3%         N/A       58%         3
 Fugue of the Fallen      Necr           3%         N/A       58%         3
 Hailstorm                Conj/Ice       3%         3d5       58%         3
 Vampiric Draining        Necr           3%         2d6       58%         3
 Summon Ice Beast         Ice/Summ       3%         N/A       61%         3
 Summon Mana Viper        Hex/Summ       10%        N/A       61%         5
 Frozen Ramparts          Ice            6%         1d1       63%         3
 Ozocubu's Armour         Ice            3%         N/A       63%         3
 Passwall                 Erth           3%         N/A       63%         3
 Metabolic Englaciation   Hex/Ice        4%         N/A       63%         5
 Arcjolt                  Conj/Air       4%         1d14      65%         5
 Freezing Cloud           Conj/Ice/Air   3%         6-21      88%         5
 Olgreb's Toxic Radiance  Alch           3%         N/A       93%         4
 Flame Wave               Conj/Fire      3%         2d5       94%         4
 Ignite Poison            Fire/Alch      3%         N/A       94%         4
 Petrify                  Alch/Erth      3%         N/A       94%         4
 Sticky Flame             Fire/Alch      3%         2d4       94%         4
 Conjure Ball Lightning   Conj/Air       4%         3x3d6     99%         6
 Plasma Beam              Fire/Air       4%         2x1d14    99%         6
 Disjunction              Tloc           10%        N/A       99%         8
 Alistair's Intoxication  Alch           2%         N/A       100%        5
 Curse of Agony           Necr           3%         N/A       100%        5
 Iskenderun's Battlesphe  Conj           3%         2d6       100%        5
 Bombard                  Conj/Erth      1%         9d1       100%        6
 Sculpt Simulacrum        Ice/Alch       1%         N/A       100%        6
 Starburst                Conj/Fire      1%         6d3       100%        6
 Summon Cactus Giant      Summ           1%         N/A       100%        6
 Haunt                    Necr/Summ      1%         N/A       100%        7
 Ozocubu's Refrigeration  Ice            1%         4d7       100%        7
 Spellforged Servitor     Conj/Summ      1%         N/A       100%        7
 Borgnjor's Revivificati  Necr           1%         N/A       100%        8
 Discord                  Hex            8%         N/A       100%        8
 Chain Lightning          Conj/Air       4%         3d6       100%        9
 Death's Door             Necr           1%         N/A       100%        9
 Polar Vortex             Ice            1%         N/A       100%        9


Dungeon Overview and Level Annotations

Branches:
Dungeon (15/15)            Temple (1/1) D:7            Lair (5/5) D:11
  Swamp (4/4) Lair:3        Snake (4/4) Lair:3        Slime (5/5) Lair:5
    Orc (2/2) D:9             Elf (0/3) Orc:2        Vaults (4/5) D:13
  Crypt (0/3) Vaults:2     Depths (4/4) D:15            Zot (5/5) Depths:4
  IceCv (visited)

Altars:
Ashenzari
Cheibriados
Dithmenos
Elyvilon
Fedhas
Gozag
Hepliaklqana
Kikubaaqudgha
Makhleb
Nemelex Xobeh
Okawaru
Qazlal
Ru
Sif Muna
Trog
Uskayaw
Vehumet
Wu Jian
Xom
Yredelemnul
Zin
The Shining One
Jiyva

Shops:
D:15 ?   Orc:2 !=[*(   Snake:2 =[   Vaults:2 ?   Vaults:3 =   Depths:1 *:([?

Portals:
Hell: Depths:1 Depths:2 Depths:3 Depths:4
Abyss: Swamp:1 Depths:3 Depths:4
Pandemonium: Depths:2 Depths:4
Ziggurat: Depths:2

Annotations:
D:5 1 runed translucent door, Crazy Yiuf
D:10 1 runed translucent door
Zot:1 5 transporters
Zot:4 2 transporters, exclusion: obsidian statue


Innate Abilities, Weirdness & Mutations

You have a beak for a mouth.
You have claws for feet.
Your magical flight helps you evade attacks. (EV +4)
You can magically evade attacks while moving or waiting.
You are dopey. (Int -2)
Your flesh is heat resistant. (rF+)
Your system is resistant to poisons. (rPois)
Your natural rate of healing is unusually fast.
You are weak. (Str -2)


Message History

There is a stone staircase leading up here.
You fly upwards.
There is a stone staircase leading down here.
There is a stone staircase leading up here.
You fly upwards.
There is a stone staircase leading down here.
A ynoxinul comes into view.
You shoot an arrow. The arrow hits the ynoxinul.
The arrow burns the ynoxinul.
The ynoxinul is lightly wounded.
You shoot an arrow. The arrow hits the ynoxinul!!
The arrow burns the ynoxinul!
You kill the ynoxinul!
No target in view!
No target in view!
No target in view!
What level of the Dungeon? (default 1, ? - help) You're already here!
A smoke demon comes into view.
The smoke demon roars!
You shoot an arrow. The arrow hits the smoke demon!!!
The arrow burns the smoke demon.
You kill the smoke demon!
You see here a +0 club.
You see here a +0 club.
There is a large open door here.
An Executioner comes into view.
Your +9 longbow of flaming stops flaming.
The +10 zealot's sword {holy, Zealotry, *Rage rN+ EV+3} softly glows with a divine radiance!
w - the +10 zealot's sword (weapon)
{holy, Zealotry, *Rage rN+ EV+3} You slice the Executioner!!
The Executioner convulses!
Your kick misses the Executioner.
The Executioner is heavily wounded.
The Executioner completely misses you.
The Executioner hits you but does no damage.
The Executioner closely misses you.
You slash the Executioner!
The Executioner convulses!!
You kill the Executioner!
No target in view!
There is an open gate here.
There is a staircase leading out of the dungeon here.
You have escaped!

# #.#######........######. # #.#
#####.#### #. # #.# #.# #) # #.#
##'## #. # #.# ##...## #) ##
#.###♣♣♣♣♣#...).## #. .#
#.#.#♣...♣#......## ##.
.#########...#######.......####..
..............#.@.#........'.....
.#..#######...#...#........####..
.#..# #######'''##############.
.#..# #⌠............'...'.....#
.#..# #⌠............#####.###.#
##..# ###..##...##..# #.# #.#
....# #..##...##..# ###.###.#
###.# ♣#...........#♣#.....#.#
....# ♣#...........#♣###.#.#.#


There were no monsters in sight!

Vanquished Creatures
  the Royal Jelly (Slime:5)
  3 ancient liches (Zot:5)
  The ghost of Sebriys the Wrestler, a legendary TrBe of Trog (Zot:4)
  2 orbs of fire (Zot:5)
  A juggernaut (Depths:4)
  8 Killer Klowns (Zot:5)
  Sojobo (Depths:4)
  Bai Suzhen (Depths:2)
  Vashnia (Snake:2)
  Saint Roka (Orc:2)
  Margery (Depths:3)
  4 caustic shrikes (Depths:4)
  2 curse toes
  3 golden dragons
  A profane servitor (Depths:4)
  Jory (Depths:2)
  2 electric golems (Zot:5)
  A hellephant (Depths:3)
  9 tentacled monstrosities
  Rupert (Lair:4)
  3 quicksilver dragons
  A lich (Depths:3)
  25 Orb Guardians (Zot:5)
  Asterion (Snake:2)
  18 acid blobs
  7 sphinxes
  Gastronok (D:8)
  An ancient champion (Vaults:2)
  3 death cobs
  A tentacled starspawn (Swamp:1)
  Kirke (D:15)
  An Executioner (D:1)
  3 tengu reavers (Depths:4)
  8 fenstrider witches
  3 storm dragons
  2 thorn hunters
  14 azure jellies
  2 protean progenitors (Zot:5)
  5 shadow dragons
  13 rockslimes
  11 nagarajas (Snake:4)
  5 fire giants
  The ghost of Zachydoop the Severer, a journeyman DsGl of Ru (Swamp:1)
  4 draconian shifters
  3 draconian knights
  5 draconian monks
  4 frost giants
  6 ghost moths
  10 vault wardens
  2 balrugs
  2 draconian scorchers
  2 cacodemons
  2 orc warlords
  2 angels (Depths:3)
  22 ironbound preservers
  3 ghouls
  7 draconian stormcallers
  Louise (Snake:2)
  A reaper (Zot:2)
  2 formless jellyfish (Vaults:2)
  A draconian annihilator (Zot:5)
  12 quicksilver oozes
  18 very ugly things
  6 ironbound thunderhulks
  6 stone giants
  8 eleionomae
  A lorocyproca (D:3)
  12 green draconians
  2 deep elf demonologists
  Nessos (Lair:3)
  9 black draconians
  A deep elf death mage (Depths:3)
  11 white draconians
  7 vampire knights
  10 red draconians
  8 yellow draconians
  9 purple draconians
  Azrael (Orc:2)
  2 bunyips (Swamp:3)
  Snorg (Lair:3)
  2 spark wasps (Depths:1)
  14 dire elephants
  A blizzard demon (Depths:4)
  A crystal guardian (Swamp:1)
  8 ettins
  11 eidola (Depths:2)
  8 fire dragons
  2 green deaths
  3 shambling mangroves
  9 yaktaur captains
  10 great orbs of eyes
  5 hydras
  A rakshasa (Depths:1)
  Fannar (Lair:1)
  3 salamander tyrants
  3 vault guards
  2 hell beasts
  A peacekeeper (Vaults:2)
  Erolcha (D:9)
  An ogre mage (Swamp:4)
  5 ice dragons
  3 ghost crabs
  The ghost of TheBioAlchemist the Grappler, a novice TrFi of Wu Jian (D:9)
  11 ironbound frosthearts
  2 jorogumos (Zot:5)
  A spriggan air mage (Depths:4)
  A two-headed ogre (shapeshifter) (Vaults:2)
  3 catoblepae
  15 centaur warriors
  9 anacondas
  5 alligators
  7 deep troll shamans
  The ghost of DaftaChap the Spear-Bearer, a novice GnCA of Ignis (D:9)
  7 deep troll earth magi
  4 boulder beetles
  3 death yaks (Lair:5)
  5 hell hogs
  14 naga warriors
  The ghost of Zeor the Carver, a novice FoMo (D:7)
  A sphinx skeleton (Vaults:2)
  5 tengu warriors
  8 two-headed ogres
  2 orc high priests
  5 spriggan berserkers
  The ghost of ProzacElf the Carver, a novice DjCK of Xom (D:9)
  22 naga sharpshooters
  4 shock serpents
  8 occultists
  2 soul eaters (Swamp:4)
  11 spriggans
  A sun demon (Depths:4)
  Sonja (D:13)
  14 hell knights
  A wretched star (Swamp:1)
  Amaemon (D:8)
  Nergalle (D:11)
  A titan skeleton (Vaults:4)
  2 salamander mystics
  3 sixfirhies
  6 iron trolls
  4 spriggan druids
  A goliath frog (shapeshifter) (Vaults:2)
  2 skysharks
  8 goliath frogs
  3 skeletal warriors
  5 flayed ghosts (Depths:2)
  5 sea snakes (Snake:2)
  5 glowing orange brains
  A cherub (Zot:5)
  A death drake (Zot:4)
  6 swamp dragons
  66 deep trolls
  2 mana vipers (Snake:1)
  9 shadow wraiths (Depths:2)
  2 orc knights
  4 naga ritualists
  2 bog bodies (IceCv)
  6 necromancers
  5 lindwurms
  A harpy (shapeshifter) (D:15)
  12 arcanists
  Pikel (D:7)
  3 phantasmal warriors (Depths:2)
  15 ironbound convokers
  38 ugly things
  A shadow dragon skeleton (Vaults:4)
  4 deep elf zephyrmancers
  19 moths of wrath
  13 salamanders
  A moth of wrath (shapeshifter) (Depths:2)
  2 shining eyes
  2 deep elf pyromancers
  3 tengu skeletons
  5 orc sorcerers
  A mana viper (shapeshifter) (Vaults:2)
  2 will-o-the-wisps (Swamp:4)
  A shining eye (shapeshifter) (Depths:3)
  8 manticores
  13 elephants
  4 cyclopes
  3 meliai (D:14)
  3 fire giant skeletons (Vaults:2)
  2 frost giant skeletons (Vaults:2)
  An elephant (shapeshifter) (Depths:4)
  7 guardian serpents
  Joseph (D:7)
  2 stone giant skeletons (Vaults:2)
  2 ice statues
  2 eyes of devastation (Slime:5)
  A rust devil (D:7)
  5 smoke demons
  4 kobold blastminers (Orc:2)
  13 cane toads
  15 naga magi
  19 vault sentinels
  32 black mambas
  A molten gargoyle (Depths:1)
  2 torpor snails
  9 orange demons
  2 gargoyles
  3 unseen horrors
  8 rime drakes
  3 kobold demonologists
  37 yaktaurs
  An efreet (D:15)
  4 komodo dragons
  An anaconda simulacrum (IceCv)
  A freezing wraith (IceCv)
  A tormentor (Depths:4)
  2 polar bears
  9 trolls
  3 hellwings (Swamp:4)
  A red devil (Depths:1)
  10 tyrant leeches
  4 glass eyes
  Prince Ribbit (D:8)
  11 hornets
  A raiju (Swamp:1)
  13 blink frogs
  12 dream sheep
  115 slime creatures
  A shadow (D:9)
  A spriggan (shapeshifter) (D:13)
  2 ynoxinuls
  Sigmund (D:5)
  4 fire elementals (Orc:2)
  47 yaks
  A hornet (shapeshifter) (Vaults:2)
  6 wyverns
  3 water elementals
  2 vampires
  6 basilisks
  Grum (D:8)
  9 golden eyes
  3 wargs
  2 elf skeletons (Vaults:2)
  A death yak simulacrum (IceCv)
  3 steam dragons
  2 hogs (D:15)
  14 vampire mosquitoes
  28 nagas
  14 swamp worms
  A harpy simulacrum (IceCv)
  3 chaos spawn (Swamp:4)
  A naga (shapeshifter) (D:14)
  6 acid dragons
  2 hell hounds (Orc:2)
  A hydra simulacrum (IceCv)
  15 water moccasins
  Duvessa (D:7)
  33 orc warriors
  2 swamp drakes
  2 laughing skulls (D:14)
  A sky beast (D:7)
  2 ice beasts
  17 wolves
  9 ogres
  4 human skeletons
  2 lemures (D:7)
  A phantom (D:7)
  4 centaurs
  8 kobold brigands
  Blork the orc (D:4)
  13 bullfrogs
  15 scorpions
  6 two-headed ogre simulacra (IceCv)
  3 gnoll sergeants
  A cane toad simulacrum (IceCv)
  5 wights
  Dowan (D:7)
  An elephant simulacrum (IceCv)
  15 killer bees
  5 electric eels (Snake:2)
  A howler monkey (D:14)
  3 hounds
  A jelly (D:6)
  A bombardier beetle (D:3)
  A gnoll bouda (D:6)
  21 orc priests
  2 sleepcaps
  17 iguanas
  29 orc wizards
  11 hell rats
  6 polar bear simulacra (IceCv)
  5 spriggan simulacra (IceCv)
  5 troll simulacra (IceCv)
  A wolf simulacrum (IceCv)
  Robin (D:4)
  19 gnolls
  12 adders
  6 naga simulacra (IceCv)
  A shadow imp (D:6)
  9 white imps (IceCv)
  8 ufetubi
  105 orcs
  3 bats
  7 endoplasms
  9 giant cockroaches
  21 goblins
  12 hobgoblins
  3 jackals
  27 kobolds
  6 quokkas
  11 ball pythons
  5 frilled lizards
  5 rats
  A spectral weapon (Snake:2)
  A starspawn tentacle (Swamp:1)
2025 creatures vanquished.

Vanquished Creatures (collateral kills)
  2 azure jellies
  A black draconian (Zot:4)
  A purple draconian (Zot:4)
  2 moths of wrath (Zot:5)
  2 eyes of devastation (Zot:4)
  A hornet (Swamp:3)
  4 slime creatures
  A golden eye (Zot:4)
  A gnoll sergeant (D:8)
  A gnoll (D:8)
  An orc (Orc:2)
17 creatures vanquished.

Vanquished Creatures (others)
  A tengu reaver (Depths:4)
  2 draconian knights
  A draconian annihilator (Zot:5)
  A cacodemon (Depths:2)
  A green draconian (Zot:4)
  A yellow draconian (Zot:4)
  A red draconian (Zot:1)
  An alligator (Swamp:1)
  6 slime creatures
  2 humans (D:15)
  A golden eye (Zot:4)
  2 swamp worms
  An ogre (Orc:2)
  A starspawn tentacle (Swamp:1)
22 creatures vanquished.

Grand Total: 2064 creatures vanquished

Notes
Turn   | Place    | Note
-------+----------+-------------------------------------------
     0 | D:1      | juan097 the Tengu Brigand began the quest for the Orb.
     0 | D:1      | Reached XP level 1. HP: 12/12 MP: 2/2
   154 | D:1      | Reached XP level 2. HP: 13/17 MP: 3/3
   474 | D:1      | Reached XP level 3. HP: 22/22 MP: 4/4
   568 | D:1      | Found a faded altar of an unknown god.
  2034 | D:3      | Reached XP level 4. HP: 27/27 MP: 5/5
  2672 | D:3      | Reached skill level 3 in Fighting
  2672 | D:3      | Reached XP level 5. HP: 24/32 MP: 3/6
  3026 | D:4      | Noticed Blork the orc
  3042 | D:4      | Killed Blork the orc
  3043 | D:4      | Reached skill level 5 in Short Blades
  3043 | D:4      | Reached skill level 1 in Ranged Weapons
  3043 | D:4      | Reached XP level 6. HP: 3/37 MP: 0/7
  3388 | D:4      | Noticed Robin
  3399 | D:4      | Killed Robin
  3594 | D:4      | Reached skill level 4 in Fighting
  3594 | D:4      | Gained mutation: Your magical flight helps you evade
                  | attacks. (EV +4) [Tengu growth]
  3594 | D:4      | Reached XP level 7. HP: 43/43 MP: 8/8
  3608 | D:4      | Identified the ring "Wumipna" {rPois Str+5 Dex+3}
  4419 | D:5      | Entered Level 5 of the Dungeon
  4423 | D:5      | Identified a scroll of acquirement
  4534 | D:5      | Noticed a two-headed ogre
  4585 | D:5      | Noticed Sigmund
  4779 | D:5      | Killed Sigmund
  4780 | D:5      | Reached XP level 8. HP: 41/48 MP: 7/9
  4794 | D:5      | Acquired 664 gold pieces
  5011 | D:5      | Killed a two-headed ogre
  5012 | D:5      | Reached skill level 6 in Fighting
  5430 | D:5      | Found a runed translucent door.
  5431 | D:5      | Noticed Crazy Yiuf
  5522 | D:6      | Reached skill level 5 in Dodging
  5522 | D:6      | Reached XP level 9. HP: 55/55 MP: 10/10
  6026 | D:6      | Reached skill level 1 in Armour
  6369 | D:6      | Found an ancient bone altar of Kikubaaqudgha.
  6384 | D:6      | Found a snail-covered altar of Cheibriados.
  6409 | D:6      | Found an opulent altar of Gozag.
  6421 | D:6      | Found an ornate altar of the Wu Jian Council.
  6612 | D:7      | Reached skill level 5 in Ranged Weapons
  6759 | D:7      | Found a transporter.
  6767 | D:7      | Noticed Zeor's ghost (novice FoMo)
  6779 | D:7      | Noticed an ice statue
  6785 | D:7      | Noticed a gargoyle
  6790 | D:7      | Reached XP level 10. HP: 55/61 MP: 9/11
  6810 | D:7      | Found a staircase to the Ecumenical Temple.
  6811 | D:7      | Noticed Duvessa
  6811 | D:7      | Noticed Dowan
  6849 | D:7      | Killed Dowan
  6853 | D:7      | Killed Duvessa
  6951 | D:7      | Found a transporter.
  6959 | D:7      | Noticed a cyclops
  6960 | D:7      | Identified the amulet "Zitsacet" {Spirit Fly Will++ Dex+2}
  7027 | D:7      | Noticed Joseph
  7043 | Temple   | Entered the Ecumenical Temple
  7047 | Temple   | Became a worshipper of Ashenzari the Shackled
  7119 | D:7      | Noticed Pikel
  7131 | D:7      | Reached skill level 7 in Fighting
  7234 | D:7      | Killed Pikel
  7280 | D:7      | Killed Joseph
  8176 | D:8      | Noticed Grum
  8225 | D:8      | Reached skill level 8 in Fighting
  8237 | D:8      | Killed Grum
  8256 | D:8      | Reached skill level 10 in Short Blades
  8273 | D:8      | Noticed Gastronok
  8300 | D:8      | HP: 3/64 [Gastronok (32)]
  8301 | D:8      | Killed Gastronok
  8302 | D:8      | Reached XP level 11. HP: 4/69 MP: 1/12
  8550 | D:8      | Noticed Prince Ribbit
  8578 | D:8      | Killed Prince Ribbit
  8688 | D:8      | Noticed Amaemon
  8996 | D:8      | Killed Amaemon
  8997 | D:8      | Reached skill level 9 in Fighting
  9111 | D:8      | Identified the ring of Tetsess {rC+ rN+ Will+++ Str+2 Int+3
                  | Slay-4}
  9278 | D:9      | Found a runed translucent gate.
  9279 | D:9      | Found a runed translucent gate.
  9279 | D:9      | Found a runed translucent gate.
  9280 | D:9      | Noticed TheBioAlchemist's ghost (novice TrFi)
  9280 | D:9      | Noticed ProzacElf's ghost (novice DjCK)
  9340 | D:9      | Found a basalt altar of Yredelemnul.
  9370 | D:9      | Noticed Erolcha
  9385 | D:9      | Killed Erolcha
  9533 | D:9      | Noticed a two-headed ogre
  9603 | D:9      | Killed a two-headed ogre
  9659 | D:9      | Found a stormy altar of Qazlal.
  9679 | D:9      | Reached skill level 10 in Ranged Weapons
  9757 | D:9      | Reached * piety under Ashenzari
  9791 | D:9      | Reached skill level 10 in Fighting
  9835 | D:9      | Found a staircase to the Orcish Mines.
 10105 | D:9      | Reached skill level 1 in Evocations
 10182 | D:9      | Found a white marble altar of Elyvilon.
 10393 | D:9      | Found a shadowy altar of Dithmenos.
 10580 | D:9      | Noticed DaftaChap's ghost (novice GnCA)
 10582 | D:9      | Identified the staff of Imbalance {rF+ SInv Fire}
 10583 | D:9      | Reached ** piety under Ashenzari
 10600 | D:10     | Entered Level 10 of the Dungeon
 10721 | D:10     | Noticed a cyclops
 10726 | D:10     | Killed a cyclops
 10989 | D:10     | Reached *** piety under Ashenzari
 11002 | D:10     | Found a blossoming altar of Fedhas.
 11004 | D:10     | Reached XP level 12. HP: 81/81 MP: 13/13
 11163 | D:10     | Found a runed translucent door.
 11165 | D:10     | Noticed a two-headed ogre
 11172 | D:10     | Killed a two-headed ogre
 11175 | D:10     | Found a runed translucent door.
 11364 | D:10     | Found a glowing golden altar of the Shining One.
 11590 | D:11     | Reached skill level 5 in Evocations
 11664 | D:11     | Found a staircase to the Lair.
 11728 | D:11     | Noticed a two-headed ogre
 11739 | D:11     | Killed a two-headed ogre
 11842 | D:11     | Found a portal to a secret trove of treasure.
 11891 | D:11     | Noticed a two-headed ogre
 11913 | D:11     | Killed a two-headed ogre
 11963 | D:11     | Noticed Nergalle
 11997 | D:11     | Noticed a boulder beetle
 12009 | D:11     | Killed Nergalle
 12088 | D:11     | Killed a boulder beetle
 12429 | Lair:1   | Entered Level 1 of the Lair of Beasts
 12429 | Lair:1   | Noticed Fannar
 12458 | Lair:1   | Killed Fannar
 12459 | Lair:1   | Reached skill level 1 in Shields
 12714 | Lair:1   | Reached XP level 13. HP: 83/83 MP: 14/14
 13799 | Lair:2   | Reached skill level 5 in Shields
 14625 | Lair:3   | Learned a level 3 spell: Sigil of Binding
 14629 | Lair:3   | Learned a level 3 spell: Confusing Touch
 14634 | Lair:3   | Learned a level 4 spell: Dimensional Bullseye
 14751 | Lair:3   | Found a staircase to the Swamp.
 14780 | Lair:3   | Reached skill level 1 in Spellcasting
 14842 | Lair:3   | Reached skill level 1 in Translocations
 14875 | Lair:3   | Reached skill level 1 in Hexes
 15177 | Lair:3   | Found a staircase to the Snake Pit.
 15252 | Lair:3   | Reached skill level 11 in Fighting
 15331 | Lair:3   | Noticed Snorg
 15343 | Lair:3   | Killed Snorg
 15472 | Lair:3   | Noticed Nessos
 15491 | Lair:3   | Killed Nessos
 15978 | Lair:4   | Noticed Rupert
 16135 | Lair:4   | Reached **** piety under Ashenzari
 16294 | Lair:3   | Reached XP level 14. HP: 94/94 MP: 22/22
 16419 | Lair:4   | Killed Rupert
 16786 | Lair:4   | Reached skill level 5 in Translocations
 16913 | Lair:5   | Entered Level 5 of the Lair of Beasts
 17178 | Lair:5   | Reached skill level 5 in Hexes
 18117 | Lair:5   | Noticed a dire elephant
 18131 | Lair:5   | Killed a dire elephant
 18374 | Lair:5   | Found a staircase to the Slime Pits.
 18879 | Orc:1    | Entered Level 1 of the Orcish Mines
 19427 | Orc:2    | Entered Level 2 of the Orcish Mines
 19436 | Orc:2    | Noticed Saint Roka
 19514 | Orc:2    | Reached XP level 15. HP: 98/98 MP: 25/25
 19554 | Orc:2    | Found Ullys's Jewellery Emporium.
 19651 | Orc:2    | Noticed Azrael
 19660 | Orc:2    | Killed Saint Roka
 19661 | Orc:2    | Reached skill level 5 in Spellcasting
 19927 | Orc:2    | Found a staircase to the Elven Halls.
 19935 | Orc:2    | Killed Azrael
 20163 | Orc:2    | Noticed an orc warlord
 20177 | Orc:2    | Killed an orc warlord
 20261 | Orc:2    | Found Widaff's Antique Weapon Boutique.
 20264 | Orc:2    | Found Votihi's Antique Armour Shop.
 20580 | Orc:2    | Found Oriyloe's General Store.
 20706 | Orc:2    | Found Peugis's Distillery.
 20842 | Orc:2    | Bought a bloodstained leather armour for 203 gold pieces
 20842 | Orc:2    | Identified the +0 leather armour of Weirdness {Rampage}
                  | (You bought it in a shop on level 2 of the Orcish Mines)
 20847 | Orc:2    | Bought the +0 pair of fencer's gloves {Riposte Dex+3} for
                  | 1160 gold pieces
 20847 | Orc:2    | Found the +0 pair of fencer's gloves {Riposte Dex+3}
 20847 | Orc:2    | Bought a glowing ring mail for 203 gold pieces
 20915 | Orc:2    | Bought a potion of heal wounds for 80 gold pieces
 20915 | Orc:2    | Bought a potion of ambrosia for 128 gold pieces
 20915 | Orc:2    | Bought a potion of curing for 48 gold pieces
 20966 | Orc:2    | Bought a potion of haste for 180 gold pieces
 20966 | Orc:2    | Bought a potion of heal wounds for 90 gold pieces
 20966 | Orc:2    | Bought a potion of heal wounds for 90 gold pieces
 20966 | Orc:2    | Bought a potion of curing for 54 gold pieces
 21024 | Orc:2    | Bought a warped scale mail for 261 gold pieces
 21024 | Orc:2    | Identified the +10 scale mail of Ryhoc {rN+ Int-4 Dex+6}
                  | (You bought it in a shop on level 2 of the Orcish Mines)
 21543 | D:12     | You are sucked into a shaft and drop 2 floors!
 21564 | D:14     | Reached skill level 1 in Long Blades
 21574 | D:14     | Reached skill level 10 in Dodging
 21716 | D:13     | Found a frozen archway.
 21730 | IceCv    | Entered an ice cave
 21838 | IceCv    | Reached skill level 5 in Armour
 22518 | D:13     | Noticed Sonja
 22519 | D:13     | Killed Sonja
 22634 | D:13     | Acquired a manual of Ranged Weapons
 22757 | D:13     | Learned a level 3 spell: Swiftness
 22914 | D:13     | Found a gate to the Vaults.
 22986 | D:12     | Reached skill level 1 in Air Magic
 23823 | D:14     | Identified the Quarto of Terrain and the Chill
 24043 | D:15     | Entered Level 15 of the Dungeon
 24200 | D:15     | Reached XP level 16. HP: 101/101 MP: 26/26
 24282 | D:15     | Noticed Kirke
 24290 | D:15     | Killed Kirke
 24413 | D:15     | Reached skill level 12 in Fighting
 24420 | D:15     | Found a staircase to the Depths.
 24525 | D:15     | Found Tuzig's Magic Scroll Boutique.
 24529 | D:15     | Bought a scroll of blinking for 150 gold pieces
 24529 | D:15     | Bought a scroll of fog for 80 gold pieces
 24529 | D:15     | Bought a scroll of fog for 80 gold pieces
 24705 | D:15     | Reached skill level 5 in Air Magic
 24902 | D:15     | Found an iron altar of Okawaru.
 25135 | D:11     | You paid a toll of 7 scrolls of fog to enter a treasure
                  | trove
 25136 | Trove    | Entered a treasure trove
 25141 | Trove    | Identified the amulet "Idiahom" {Reflect rPois rF- SH+5
                  | SInv Stlth+}
 25141 | Trove    | Identified the ring of Equivalence {rElec rN+ rCorr Str+3}
 25141 | Trove    | Identified the ring of Ibriunt {Will+ Int+3}
 25141 | Trove    | Identified the +4 kite shield of Sack {rPois rF+ Dex+4}
 25141 | Trove    | Identified the +4 hand cannon "Lorem Ipsum" {drain, rCorr}
 25418 | Swamp:1  | Entered Level 1 of the Swamp
 25514 | Swamp:1  | Noticed a tentacled starspawn
 25671 | Swamp:1  | Found a one-way gate to the infinite horrors of the Abyss.
 25671 | Swamp:1  | Noticed Zachydoop's ghost (journeyman DsGl)
 25689 | Swamp:1  | Found a transporter.
 25794 | Swamp:1  | Found a transporter.
 26172 | Swamp:2  | Noticed a fenstrider witch
 26531 | Swamp:2  | Killed a fenstrider witch
 27008 | Swamp:3  | Noticed a thorn hunter
 27019 | Swamp:3  | Killed a thorn hunter
 27873 | Swamp:4  | Entered Level 4 of the Swamp
 27894 | Swamp:4  | Reached skill level 13 in Fighting
 27894 | Swamp:4  | Noticed a thorn hunter
 27907 | Swamp:4  | Killed a thorn hunter
 27960 | Swamp:3  | Reached XP level 17. HP: 38/108 MP: 13/28
 28761 | Swamp:4  | Got a decaying rune of Zot
 28942 | Swamp:4  | Reached skill level 10 in Translocations
 29493 | D:9      | Killed DaftaChap's ghost
 29501 | D:9      | Killed ProzacElf's ghost
 29505 | D:9      | Killed TheBioAlchemist's ghost
 29617 | D:7      | Killed Zeor's ghost
 29864 | Snake:1  | Entered Level 1 of the Snake Pit
 29929 | Snake:1  | Reached skill level 10 in Air Magic
 30147 | Snake:1  | Learned a level 1 spell: Apportation
 30976 | Snake:2  | Noticed Vashnia
 30998 | Snake:1  | Reached skill level 14 in Fighting
 31866 | Snake:2  | Killed Vashnia
 31867 | Snake:2  | Reached XP level 18. HP: 92/116 MP: 24/32
 32161 | Snake:2  | Found Leyket's Armour Shoppe.
 32166 | Snake:2  | Found Amewuj's Jewellery Shoppe.
 32205 | Snake:2  | Noticed Asterion
 32227 | Snake:2  | Killed Asterion
 32237 | Snake:2  | Noticed Louise
 32255 | Snake:2  | Killed Louise
 32276 | Snake:2  | Reached skill level 10 in Armour
 33242 | Snake:3  | Reached skill level 10 in Spellcasting
 33805 | Snake:4  | Entered Level 4 of the Snake Pit
 34167 | Snake:4  | Reached skill level 15 in Ranged Weapons
 35390 | Snake:4  | Reached XP level 19. HP: 121/121 MP: 30/34
 35473 | Snake:4  | Got a serpentine rune of Zot
 35475 | Snake:4  | Got a jade gem with 0 turns to spare
 35801 | Vaults:1 | Entered Level 1 of the Vaults
 36044 | Snake:2  | Bought the ring "Jaimiquh" {rF+ rN+ Will+} for 627 gold
                  | pieces
 36053 | Snake:2  | Bought the +2 pair of gloves of Bucvyq {Will+ Str-3 Slay+4}
                  | for 714 gold pieces
 36381 | Vaults:1 | Identified the ring of Jarch {rC+ MP+9}
 36597 | Vaults:1 | Reached skill level 5 in Long Blades
 37870 | Vaults:2 | Reached skill level 15 in Fighting
 38032 | Vaults:2 | Found Uphetaitut's Magic Scroll Shoppe.
 38910 | Vaults:2 | Found a staircase to the Crypt.
 38957 | Vaults:2 | Reached XP level 20. HP: 129/129 MP: 33/35
 39670 | Vaults:2 | Identified the +0 scale mail "Nenysu" {Rampage rN+ Dex-2
                  | Stlth+}
 39818 | Vaults:2 | Reached skill level 16 in Fighting
 40575 | Vaults:3 | Identified the +1 buckler "Dops" {Harm rC- Str-5 SInv}
 40781 | Vaults:3 | Reached skill level 10 in Evocations
 40953 | Vaults:3 | Found Xiwnoguu's Jewellery Emporium.
 40983 | Vaults:3 | Reached XP level 21. HP: 137/137 MP: 32/36
 41288 | Vaults:3 | Identified the ring of Usua {Ice Dex+5}
 41415 | Vaults:3 | Learned a level 4 spell: Vhi's Electric Charge
 41865 | Vaults:4 | Identified the Papyrus of the Incendiary Serac
 42348 | Vaults:4 | Reached skill level 17 in Fighting
 42875 | Swamp:1  | Identified the +4 ring mail "Opoesuut" {rElec SInv}
 42885 | Swamp:1  | Reached skill level 5 in Stealth
 42897 | Swamp:1  | Reached skill level 15 in Dodging
 42903 | Swamp:1  | Killed Zachydoop's ghost
 43365 | Depths:1 | Entered Level 1 of the Depths
 43502 | Depths:1 | Found Puag's Magic Scroll Shoppe.
 43502 | Depths:1 | Found Plog's Book Emporium.
 43503 | Depths:1 | Found Caghota's Antique Armour Shoppe.
 43507 | Depths:1 | Found Suegrax's Weapon Emporium.
 43510 | Depths:1 | Bought a scroll of blinking for 157 gold pieces
 43519 | Depths:1 | Bought a book of Spatial Translocations for 414 gold pieces
 43523 | Depths:1 | Learned a level 2 spell: Blink
 44269 | Depths:1 | Found Big Baal Hell's Store.
 44282 | Depths:1 | Found a gateway to Hell.
 44559 | Depths:2 | Reached XP level 22. HP: 112/144 MP: 17/37
 44881 | Depths:2 | Found a one-way gateway to a ziggurat.
 45196 | Depths:2 | Found a one-way gate leading to the halls of Pandemonium.
 45436 | Depths:2 | Identified the staff of Fazyill {rN+ Str+2 Necro}
 45858 | Depths:2 | Noticed Jory
 45870 | Depths:2 | Killed Jory
 46077 | Depths:2 | Reached skill level 18 in Fighting
 46088 | Depths:2 | Noticed Bai Suzhen
 46090 | Depths:2 | Killed Bai Suzhen
 46800 | Depths:3 | Found a broken altar of Ashenzari.
 47289 | Depths:3 | Noticed Margery
 47303 | Depths:3 | Killed Margery
 47307 | Depths:3 | Reached skill level 15 in Armour
 48046 | Depths:4 | Entered Level 4 of the Depths
 48088 | Depths:4 | Reached XP level 23. HP: 126/153 MP: 31/38
 48227 | Depths:4 | Noticed a caustic shrike
 48227 | Depths:4 | Noticed a caustic shrike
 48230 | Depths:4 | Noticed a caustic shrike
 48232 | Depths:4 | Noticed a caustic shrike
 48234 | Depths:4 | Killed a caustic shrike
 48235 | Depths:4 | Killed a caustic shrike
 48237 | Depths:4 | Killed a caustic shrike
 48239 | Depths:4 | Noticed a juggernaut
 48241 | Depths:4 | Killed a caustic shrike
 48256 | Depths:4 | Killed a juggernaut
 48257 | Depths:4 | Reached skill level 19 in Fighting
 49172 | Depths:4 | Reached skill level 10 in Long Blades
 49421 | Depths:4 | Noticed Sojobo
 49434 | Depths:4 | Paralysed by an air elemental for 1 turns
 49439 | Depths:4 | Paralysed by an air elemental for 1 turns
 49445 | Depths:4 | Paralysed by an air elemental for 1 turns
 49903 | Depths:4 | Paralysed by an air elemental for 1 turns
 49911 | Depths:4 | Killed Sojobo
 50344 | Depths:4 | Found a gate to the Realm of Zot.
 50700 | Slime:1  | Entered Level 1 of the Pits of Slime
 50703 | Slime:1  | Reached skill level 5 in Throwing
 51197 | Slime:5  | Entered Level 5 of the Pits of Slime
 51197 | Slime:5  | Identified the ring of Ecvu {Fly rF+ AC+4 Int+3}
 51197 | Slime:5  | Identified the staff of the Shore {rF+ rC+ Dex+3 Fire Ice}
 51197 | Slime:5  | Found the +10 zealot's sword {holy, Zealotry, *Rage rN+
                  | EV+3}
 51197 | Slime:5  | Identified the Opusculum on the Non-Euclidean Volley
 51197 | Slime:5  | Identified the staff "Rastir" {Will+ Conj Summ}
 51221 | Slime:5  | Noticed the Royal Jelly
 51380 | Slime:5  | Identified the Octavo of Flamy Firn
 51482 | Slime:5  | Found a viscous altar of Jiyva.
 51571 | Slime:5  | Identified the +2 great sword of Seican {flame, Str+4}
 51672 | Slime:5  | Killed the Royal Jelly
 51673 | Slime:5  | Reached XP level 24. HP: 139/161 MP: 29/38
 52392 | Slime:5  | Got a slimy rune of Zot
 53103 | Zot:1    | Entered Level 1 of the Realm of Zot
 53905 | Zot:1    | Identified the ring of the Camelopard {rPois Stlth+}
 53906 | Zot:1    | Found a transporter.
 53906 | Zot:1    | Identified the -1 helmet of the Forsaken Teeth {rF+ Will+
                  | rCorr Str+3}
 53908 | Zot:1    | Found a transporter.
 53913 | Zot:1    | Found a transporter.
 53939 | Zot:1    | Found a transporter.
 53942 | Zot:1    | Noticed an orb of fire
 53962 | Zot:1    | Found a transporter.
 53965 | Zot:1    | Noticed a curse toe
 54925 | Zot:2    | Reached skill level 20 in Fighting
 55897 | Zot:3    | Noticed a curse toe
 55905 | Zot:3    | Killed a curse toe
 56353 | Zot:4    | Identified the +1 helmet of Follow the Leader {Str+5}
 56354 | Zot:4    | Found a transporter.
 56355 | Zot:4    | Found the amulet of the Four Winds {rN+ Will+++ Clar}
 56830 | Zot:4    | Found a runed translucent gate.
 56830 | Zot:4    | Found a runed translucent gate.
 56833 | Zot:4    | Found a runed translucent gate.
 56833 | Zot:4    | Noticed Sebriys's ghost (legendary TrBe)
 56834 | Zot:4    | Identified the +2 pair of gloves of Charmed Liberty {rC+
                  | Str+3 Stlth-}
 56834 | Zot:4    | Identified the ring "Orhyh" {Will++ MP+9 Str+4 Stlth+}
 57121 | Zot:4    | Killed Sebriys's ghost
 57286 | Zot:4    | Reached XP level 25. HP: 169/169 MP: 38/38
 57896 | Zot:4    | Found a transporter.
 58019 | Zot:5    | Entered Level 5 of the Realm of Zot
 58927 | Zot:5    | Reached skill level 21 in Fighting
 58975 | Zot:5    | Noticed a Killer Klown
 58986 | Zot:5    | Noticed an ancient lich
 58998 | Zot:5    | Killed an ancient lich
 59103 | Zot:5    | Noticed a Killer Klown
 59111 | Zot:5    | Killed a Killer Klown
 59114 | Zot:5    | Noticed a Killer Klown
 59117 | Zot:5    | Noticed an orb of fire
 59120 | Zot:5    | Killed a Killer Klown
 59133 | Zot:5    | Gained mutation: You are weak. (Str -2) [an orb of fire]
 59135 | Zot:5    | Killed an orb of fire
 59199 | Zot:5    | Killed a Killer Klown
 59343 | Zot:5    | Noticed an orb of fire
 59351 | Zot:5    | Gained mutation: Armour fits poorly on your strangely
                  | shaped body. [an orb of fire]
 59355 | Zot:5    | Gained mutation: You are dopey. (Int -2) [an orb of fire]
 59356 | Zot:5    | Gained mutation: Potions are less effective at restoring
                  | your health. [an orb of fire]
 59359 | Zot:5    | Killed an orb of fire
 59431 | Zot:5    | Noticed a Killer Klown
 59445 | Zot:5    | Killed a Killer Klown
 59575 | Zot:5    | Noticed a Killer Klown
 59590 | Zot:5    | Killed a Killer Klown
 59731 | Zot:5    | Noticed an ancient lich
 59742 | Zot:5    | Killed an ancient lich
 59826 | Zot:5    | Noticed an ancient lich
 59835 | Zot:5    | Killed an ancient lich
 59837 | Zot:5    | Noticed a Killer Klown
 59846 | Zot:5    | Killed a Killer Klown
 59955 | Zot:5    | Noticed a Killer Klown
 59972 | Zot:5    | Noticed a Killer Klown
 59991 | Zot:5    | Killed a Killer Klown
 60324 | Zot:5    | Reached skill level 10 in Hexes
 60506 | Zot:3    | Lost mutation: Potions are less effective at restoring your
                  | health. [potion of mutation]
 60506 | Zot:3    | Lost mutation: Armour fits poorly on your strangely shaped
                  | body. [potion of mutation]
 60506 | Zot:3    | Gained mutation: Your system is resistant to poisons.
                  | (rPois) [potion of mutation]
 60506 | Zot:3    | Gained mutation: Your flesh is heat resistant. (rF+)
                  | [potion of mutation]
 60506 | Zot:3    | Gained mutation: Your natural rate of healing is unusually
                  | fast. [potion of mutation]
 60522 | Zot:5    | Killed a Killer Klown
 60523 | Zot:5    | Reached XP level 26. HP: 182/182 MP: 39/39
 60647 | Zot:5    | Got the Orb of Zot
 61323 | D:$      | Escaped with the Orb!

Illustrated notes

Levels and vault maps discovered:
D:1:      beargit_arrival_diablo_church, layout_loops_corners,
          basic_ecumenical_altar, st_stairs_5, minmay_octomino_e4
D:2:      layout_loops_corners
D:3:      layout_loops_ring
D:4:      layout_layer_cave, uniq_robin, uniq_blork_the_orc
D:5:      dreamdust_elfheim, layout_loops_ring, uniq_sigmund,
          uniq_crazy_yiuf_cottage
D:6:      cheibrodos_barr_body, layout_gridville,
          grunt_temple_overflow_cloverleaf
D:7:      layout_basic, minmay_temple_entry_sparse_star, nzn_ghost_randoct,
          uniq_pikel, uniq_duvessa, uniq_joseph
D:8:      layout_gridville, small_chamber_with_monster, uniq_gastronok,
          uniq_amaemon, uniq_grum, uniq_prince_ribbit1
D:9:      layout_basic, kennysheep_ying_yang, mainiacjoe_overflow_brackets,
          grunt_dithmenos_shadows, gammafunk_ghost_cemetery,
          kennysheep_opposing_triangles, uniq_erolcha
D:10:     lemuel_insect_pit, layout_loops_ring, marbit_many_paths, tso_altar
D:11:     layout_basic, minmay_lair_entry_grove, enter_trove_1, uniq_nergalle
D:12:     layout_irregular_city
D:13:     layout_cave_pools, david_vaults_1, portal_ice_cave_rime, uniq_sonja
D:14:     layout_loops_ring
D:15:     hellmonk_depths_entry_around_the_bend, layout_loops_ring,
          serial_shops, shop, serial_bayou_lagoon_a, kennysheep_pointless_box,
          okawaru_altar_gauntlet_db, uniq_kirke
Temple:   hellmonk_temple_two_chambers
Lair:1:   layout_small_grid, grunt_megastairs_4, infiniplex_staircase_pool_2,
          uniq_fannar
Lair:2:   layout_cave_pods
Lair:3:   layout_small_grid, minmay_swamp_entry_worms,
          minmay_snake_entry_six_corridors, grunt_forest_stairs_basic,
          grunt_megastairs_2, uniq_nessos, uniq_snorg
Lair:4:   layout_regular_city, kennysheep_catoblepas_arena,
          serial_bayou_shore_b, uniq_rupert
Lair:5:   hangedman_lair_in_review, layout_regular_city,
          guppyfry_lair_end_dragon, slime_entry_1, pdpol_lair_neglected_garden,
          hangedman_lair_unloving_vines
Swamp:1:  layout_basic_swamp, gammafunk_ghost_abyssal_escape, serial_swamp_ruin,
          evilmike_swamp_ruin_wall, evilmike_swamp_ruin_rubble_2,
          evilmike_swamp_ruin_house_3, infiniplex_staircase_pool
Swamp:2:  layout_falls_marsh, evilmike_swamp_ruin_house_1, grunt_hermit_hut
Swamp:3:  cheibrodos_swamp_tower_of_moss, layout_basic_swamp,
          nicolae_swamp_triple_paths, swamp_pool_1_2
Swamp:4:  nzn_swamp_witches_coven, layout_basic_swamp
Snake:1:  layout_grid_maze
Snake:2:  layout_gridlike, serial_bayou_lagoon_b, minmay_shop_star,
          serial_bayou_shore_b, uniq_asterion, uniq_vashnia, uniq_louise
Snake:3:  layout_cave_town, grunt_ministairs_3
Snake:4:  grunt_snake_rune_spirals, layout_onion, serial_bayou_shore_b
Slime:1:  layout_caves, cheibrodos_slime_lost_civilization_5
Slime:2:  layout_caves, nicolae_slime_phagocytosis
Slime:3:  layout_caves
Slime:4:  layout_caves, basic_altar
Slime:5:  slime_pit_nicolae_jellycorners
Orc:1:    layout_caves, nicolae_orc_damp_corner
Orc:2:    grunt_orc_community_town_hall, layout_caves,
          grunt_orc_community_big_house_2, grunt_orc_community_big_house_2,
          grunt_orc_community_house_2, grunt_orc_community_house_1,
          grunt_orc_community_house_1, grunt_orc_community_house_1,
          serial_shops, nicolae_shop_gaudy_bauble, einodemon_barbed_minivault,
          uniq_azrael, uniq_saint_roka
Vaults:1: hangedman_vaults_stream, hangedman_vaults_slice, v_misc_9,
          nicolae_vaults_trapezoid_layered, nicolae_vaults_circle_grid_a,
          vaults_room_fancy_cross, nicolae_vaults_trapezoid_2,
          vaults_mumra_chevron, vaults_room_grunt_arrival_ludios,
          nicolae_vaults_doubleplus_tesselated, layout_vaults_big_cross
Vaults:2: v_misc_3, v_misc_2, minmay_crypt_entry_skeletal_spiral,
          hangedman_vaults_restitches, nicolae_vaults_heist,
          dpeg_vaults_pockets_of_resistance, nicolae_vaults_specimen_jars,
          vaults_mumra_hex, nicolae_vaults_little_squares_4,
          ontoclasm_vaults_shuriken, layout_vaults_quadrants, serial_shops,
          nicolae_square_shop
Vaults:3: v_misc_5, hangedman_vaults_cutoff, nicolae_vaults_shrinking_rooms_1,
          nicolae_vaults_closet_pinwheel_6, nicolae_vaults_network_square,
          hangedman_vaults_slither, nicolae_vaults_octothorpe,
          ontoclasm_vaults_loading_screen, ontoclasm_vaults_idyll,
          layout_vaults_omnibox, serial_shops, nicolae_lakefront_shop
Vaults:4: v_alt_pattern_1, nicolae_vaults_tangram_2, grunt_vaults_focal,
          nicolae_vaults_door_testing_chamber, ontoclasm_vaults_idyll,
          nicolae_vaults_stepped_doors, v_misc_2, v_misc_29, v_alt_pattern_4,
          nicolae_vaults_house_3, vaults_mumra_minichess,
          nicolae_vaults_little_squares_3, v_misc_18,
          nicolae_vaults_trapezoid_lopsided_2, layout_vaults_big_room
Depths:1: layout_gridlike, nicolae_hell_entry_big_baal_hell, chequers_jeans,
          serial_library_hellmonk_u_bend, dreamdust_wishing_well,
          nicolae_benzene_ring, minmay_shoptagon
Depths:2: due_jory_tower, layout_honeycomb, enter_ziggurat_d, lightli_too_deep,
          nicolae_twisty_statue_hallways, grunt_pan_entry_zigzag, st_stairs_6,
          uniq_bai_suzhen
Depths:3: grunt_bruiser_brothers, layout_basic, evilmike_ruin_ashenzari,
          hellmouth_1, abyss_entry_small_statue_room,
          infiniplex_staircase_zigzag_5, serial_bayou_shore_b,
          serial_bayou_shore_b, uniq_margery
Depths:4: grunt_zot_entry_gee_three, layout_basic, grunt_pan_entry_sceptre,
          nicolae_abyss_entry_one_way_or_another, hangedman_coc_ice_floe,
          uniq_sojobo
Zot:1:    gammafunk_the_bubble [the_bubble_gammafunk_roulette], layout_gridlike,
          regret_index_zotdec_glowing_original
Zot:2:    layout_twisted_circle, uniq_grunn
Zot:3:    layout_gridlike
Zot:4:    gammafunk_sealed_arena, layout_onion_interference,
          gammafunk_ghost_ooze, regret_index_zotdec_slimy_original,
          st_small_dragon_hoard_5
Zot:5:    layout_basic

Skill      XL: |  1  2  3  4  5  6  7  8  9 10 11 12 13 14 15 16 17 18 19 20 21 22 23 24 25 |
---------------+----------------------------------------------------------------------------+-----
Short Blades   | 3 4 5 6 7 8 10 11 | 11.7
Dodging        | 2 3 5 6 8 9 10 11 13 14 15 17 18 19 20 | 20.0
Fighting       | 3 4 6 8 10 11 13 14 15 16 17 18 19 20 21 | 21.6
Ranged Weapons | 1 2 4 5 8 10 11 12 16 17 | 17.2
Throwing       | 3 4 6 |  6.4
Armour         | 3 4 6 9 10 12 13 15 17 | 17.6
Evocations     | 3 6 10 11 12 13 | 13.3
Shields        | 3 6 |  6.0
Spellcasting   | 3 4 6 7 9 10 | 10.0
Translocations | 3 8 9 10 11 14 | 14.0
Hexes          | 3 6 7 8 9 10 | 10.7
Long Blades    | 2 3 6 10 | 10.2
Air Magic      | 2 8 10 | 10.0
Stealth        | 7 |  7.2

Action                     |  1- 3 |  4- 6 |  7- 9 | 10-12 | 13-15 | 16-18 | 19-21 | 22-24 | 25-27 || total
---------------------------+-------+-------+-------+-------+-------+-------+-------+-------+-------++-------
  Melee: Dagger            |    77 |    54 |       |    59 |    48 |     5 |       |       |       ||   243
         Kick              |    16 |    30 |    82 |   257 |   142 |    11 |   117 |   115 |     5 ||   775
         Peck              |    11 |     8 |    46 |   168 |   119 |     6 |    81 |    72 |     4 ||   515
         Punch             |     1 |     1 |     1 |     8 |       |       |     5 |     3 |       ||    19
         Short sword       |       |    51 |   203 |   528 |   280 |       |       |       |       ||  1062
         Great sword       |       |       |       |       |     1 |       |       |       |       ||     1
         Cutlass           |       |       |       |       |       |    20 |   176 |   190 |       ||   386
         Eudemon blade     |       |       |       |       |       |       |       |    18 |     9 ||    27
   Fire: Sling             |       |    49 |   163 |   343 |   119 |       |       |       |       ||   674
         Longbow           |       |       |       |       |   864 |  1132 |  1069 |  1353 |   439 ||  4857
  Throw: Dart              |    17 |     7 |     6 |    39 |    13 |     5 |       |     2 |       ||    89
         Javelin           |       |       |       |     2 |       |       |       |       |       ||     2
         Throwing net      |       |       |       |       |     1 |       |       |       |       ||     1
   Cast: Dimensional Bulls |       |       |       |       |     6 |    20 |    56 |    57 |    28 ||   167
         Sigil of Binding  |       |       |       |       |     1 |       |       |       |       ||     1
         Swiftness         |       |       |       |       |       |     2 |       |       |       ||     2
         Blink             |       |       |       |       |       |       |       |     2 |       ||     2
 Invoke: Curse Item        |       |       |       |     4 |     5 |       |     1 |       |     1 ||    11
         Shatter the Chain |       |       |       |     1 |     2 |       |     1 |     1 |       ||     5
  Evoke: Wand              |       |     2 |     1 |    16 |    14 |    41 |     1 |    22 |    20 ||   117
         Phantom mirror    |       |       |       |       |     1 |     1 |     1 |     2 |       ||     5
         Lightning rod     |       |       |       |       |       |     2 |       |     4 |       ||     6
         Tin of tremorston |       |       |       |       |       |       |       |     3 |     2 ||     5
         Phial of floods   |       |       |       |       |       |       |       |     2 |     3 ||     5
         Box of beasts     |       |       |       |       |       |       |       |     3 |       ||     3
    Use: Scroll            |       |       |     7 |     2 |    11 |     4 |     8 |     7 |     7 ||    46
         Potion            |       |       |       |     2 |     4 |     1 |     1 |     7 |     9 ||    24
   Stab: Sleeping          |     8 |     2 |     1 |     3 |     2 |       |     4 |    18 |       ||    38
         Held in net/web   |       |       |       |       |     1 |       |       |       |       ||     1
         Distracted        |       |       |       |       |     1 |       |     1 |     2 |       ||     4
         Petrified         |       |       |       |       |       |     1 |       |       |       ||     1
 Armour: Robe              |     7 |       |    34 |       |       |       |       |       |       ||    41
         Ring mail         |    10 |    59 |     3 |       |       |       |       |       |       ||    72
         Animal skin       |       |       |    14 |       |       |       |       |       |       ||    14
         Acid dragon scale |       |       |    15 |   163 |   164 |       |       |       |       ||   342
         Scale mail        |       |       |       |       |    43 |   330 |   258 |   441 |   107 ||  1179
  Dodge: Dodged            |    36 |    40 |   144 |   487 |   523 |   714 |   590 |  1188 |   294 ||  4016
  Block: Buckler           |       |       |       |    22 |    48 |       |       |       |       ||    70
